 Dungeon Crawl Stone Soup version 0.29.1-1-gd02db69 (webtiles) character file.

Game seed: 8524340650193881132

50 Kel the Trooper (level 3, -1/24 HPs)
             Began as a Gargoyle Fighter on Nov 23, 2022.
             Slain by a goblin
             ... wielding a +0 club
             ... led by Robin
              (2 damage)
             ... on level 2 of the Dungeon.
             The game lasted 00:02:03 (1408 turns).

Kel the Trooper (Gargoyle Fighter)                  Turns: 1408, Time: 00:02:04

Health: -1/24      AC: 12    Str: 19    XL:     3   Next: 79%
Magic:  3/3        EV:  9    Int:  8    God:
Gold:   59         SH:  4    Dex: 11    Spells: 2/2 levels left

rFire   . . .      SeeInvis .   a - +0 war axe
rCold   . . .      Faith    .   c - +0 buckler
rNeg    + . .      Spirit   .   b - +0 scale mail
rPois   ∞          Reflect  .   (no helmet)
rElec   +          Harm     .   h - +0 cloak
rCorr   .          Rampage  .   (no gloves)
Will    .....                   j - +0 pair of boots
Stlth   ..........              (no amulet)
HPRegen 0.08/turn               (no ring)
MPRegen 0.08/turn               (no ring)

@: no status effects
A: sickness immunity, AC +3, negative energy resistance 1, electricity
resistance, torment resistance 1, petrification resistance
a: no special abilities


You were on level 2 of the Dungeon.
You visited 1 branch of the dungeon, and saw 2 of its levels.

You collected 59 gold pieces.

Inventory:

Hand Weapons
 a - a +0 war axe (weapon)
Armour
 b - a +0 scale mail (worn)
 c - a +0 buckler (worn)
 h - a +0 cloak (worn)
 j - a +0 pair of boots (worn)
Scrolls
 f - 2 scrolls of identify {unknown}
 g - a scroll of torment {unknown}
 i - a scroll of fog {unknown}
 k - a scroll of enchant armour {unknown}
Potions
 d - a potion of might
 e - a potion of resistance {unknown}


   Skills:
 + Level 3.9 Fighting
 + Level 2.4 Axes
 + Level 3.9 Armour
 - Level 3.4 Shields


You had 2 spell levels left.
You didn't know any spells.
Your spell library contained the following spells:

 Spells                   Type           Power      Damage    Failure   Level
 Ignite Poison            Fire/Tmut/Pois 0%         N/A       99%         3
 Mephitic Cloud           Conj/Pois/Air  0%         N/A       99%         3
 Blade Hands              Tmut           0%         N/A       100%        5
 Freezing Cloud           Conj/Ice/Air   0%         6-21      100%        5
 Irradiate                Conj/Tmut      0%         3d11      100%        5
 Dragon Form              Tmut           0%         N/A       100%        7


Dungeon Overview and Level Annotations

Branches:
Dungeon (2/15)

Altars:

Annotations:
D:2 Robin


Innate Abilities, Weirdness & Mutations

You are immune to sickness and miasma.
Your stone body is resilient. (AC +3)
You are immune to poison.
You resist negative energy. (rN+)
You are resistant to electric shocks. (rElec)
You are resistant to unholy torment.
You are immune to petrification.


Message History

The goblin is heavily wounded.
You hit the goblin but do no damage. The goblin hits you but does no damage.
The goblin hits you with a +0 dagger.
* * * LOW HITPOINT WARNING * * *
You barely miss the goblin.
The goblin is heavily wounded.
You slash the goblin!
You kill the goblin!
The goblin hits you but does no damage.
Robin roars a battlecry!
The goblins go into a battle-frenzy!
You completely miss the goblin.
The goblin is heavily wounded.
The goblin hits you but does no damage. x2
You hit the goblin.
You kill the goblin!
You barely miss the goblin. You block the goblin's attack.
You barely miss the goblin.
The goblin hits you but does no damage. x2
You barely miss the goblin. The goblin barely misses you.
Robin throws the goblin at you! You block the goblin's attack.
You closely miss the goblin. You barely miss the goblin.
You block the goblin's attack. The goblin hits you but does no damage.
The goblin barely misses you. The goblin hits you but does no damage.
You closely miss the goblin. You hit the goblin.
The goblin hits you with a +0 club.
* * * LOW HITPOINT WARNING * * *
The goblin closely misses you.
You barely miss the goblin. You hit the goblin but do no damage.
The goblin hits you with a +0 club.
* * * LOW HITPOINT WARNING * * *
You block the goblin's attack.
You slash the goblin!
You kill the goblin!
You hit the goblin.
The hobgoblin no longer looks unusually strong.
You block the goblin's attack. x2
Robin roars a battlecry!
The hobgoblin goes into a battle-frenzy!
The goblin hits you with a +0 club.
You die...

....g........#..........#
∩..∩..8..♣..∩#.......)..#
......g........####.....#
..............## #.....#
∩..8..∩.g∩.._.# #.....#
..........g..## #.....#
.............# #.....#
8..∩..♣..♣..♣######.....#
............gggg@g......#
..............###########
∩.....∩.....∩.#......#
#.#....)...#.#.####.#
#.##.#####.#.# #.# #.##.#
#.#.# #.# ####.##.# #.#.#
#.# <#....#.# #...####.#
.#.####.# ##.......#


You could see Robin, 2 hobgoblins and 2 goblins.

Vanquished Creatures
  2 worms (D:2)
  A dart slug (D:1)
  3 bats (D:1)
  3 endoplasms
  10 goblins
  5 hobgoblins
  2 jackals (D:1)
  4 kobolds
  2 quokkas (D:1)
  3 ball pythons (D:1)
  A rat (D:1)
36 creatures vanquished.

Notes
Turn   | Place    | Note
-------+----------+-------------------------------------------
     0 | D:1      | Kel the Gargoyle Fighter began the quest for the Orb.
     0 | D:1      | Reached XP level 1. HP: 14/14 MP: 1/1
    84 | D:1      | Reached XP level 2. HP: 14/19 MP: 2/2
   737 | D:1      | Reached XP level 3. HP: 20/24 MP: 3/3
  1075 | D:2      | Found a faded altar of an unknown god.
  1373 | D:2      | Noticed Robin
  1407 | D:2      | HP: 1/24 [goblin/+0 club[Robin] (2)]
  1408 | D:2      | Slain by a goblin

Illustrated notes

Levels and vault maps discovered:
D:1:      dpeg_arrival_round_c, layout_loops_ring
D:2:      layout_basic, hellmonk_ecumenical_altar_arch_garden, uniq_robin

Skill      XL: |  1 |
---------------+----+-----
Axes           | 2 |  2.4
Fighting       | |  3.9
Armour         | |  3.9
Shields        | |  3.4

Action                   || total
-------------------------++-------
Melee: War axe           ||   121
Armor: Scale mail        ||    70
Dodge: Dodged            ||    75
Block: Buckler           ||    34
